 Dungeon Sprint DCSS version 0.27.1-34-g3ba077fa99 (webtiles) character file.

Game seed: 13996481780304914738

2678 boopmooplesden the Protected (level 9, -1/91 HPs)
             Began as a Minotaur Fighter on Jan 27, 2022.
             Was a Follower of Okawaru.
             Shot with an arrow by a centaur warrior (12 damage)
             ... in the Dungeon (Sprint II: "The Violet Keep of Menkaure").
             The game lasted 00:06:09 (2340 turns).

boopmooplesden the Protected (Minotaur Fighter)     Turns: 2340, Time: 00:06:10

Health: -1/91      AC: 16    Str: 31    XL:     9   Next: 37%
Magic:  7/7        EV: 12    Int:  9    God:    Okawaru [*.....]
Gold:   307        SH: 14    Dex: 12    Spells: 8/8 levels left

rFire    x . .     SeeInvis .   k - +6 mace "Fean" {drain, Int+4}
rCold    . . .     Faith    .   c - +0 kite shield
rNeg     . . .     Spirit   .   e - +1 scale mail of Compression {rElec rF- Str+7}
rPois    .         Reflect  .   n - +1 hat
rElec    +         Harm     +   m - scarf {harm}
rCorr    .         Rampage  .   C - +0 pair of gloves
Will     .....     NoTele   +   l - +2 pair of boots
Stlth    ..........             (no amulet)
HPRegen  0.25/turn              (no ring)
MPRegen  0.10/turn              (no ring)

@: mighty
A: horns 2, retaliatory headbutt, low mp 1, strong 1
a: Renounce Religion, Heroism


You were in the Dungeon.
You worshipped Okawaru.
Okawaru was aware of your devotion.
You visited 1 branch You collected 1211 gold pieces.
You spent 904 gold pieces at shops.

Inventory:

Hand Weapons
 a - a +0 long sword
 k - the +6 mace "Fean" (weapon) {drain, Int+4}
   (You bought it in a shop in the Dungeon)

   A truly terrible weapon, it drains the life of any living foe it strikes.
   Int:       It affects your intelligence (+4).
Missiles
 B - a throwing net (quivered)
Armour
 b - a +0 scale mail
 c - a +0 kite shield (worn)
 e - the +1 scale mail of Compression (worn) {rElec rF- Str+7}
   (You bought it in a shop in the Dungeon)

   Str:       It affects your strength (+7).
   rF:        It makes you vulnerable to fire.
   rElec:     It insulates you from electricity.
 l - a +2 pair of boots (worn)
 m - a scarf of harm (worn)
 n - a +1 hat (worn)
 C - a +0 pair of gloves (worn)
Jewellery
 t - a ring of protection from fire
 x - a +6 ring of strength
 y - a ring of willpower
Scrolls
 i - 5 scrolls of identify {unknown}
 j - a scroll of blinking
 p - 2 scrolls of fear {unknown}
 q - a scroll of fog {unknown}
 r - a scroll of brand weapon {unknown}
 u - a scroll of enchant armour {unknown}
 v - a scroll of magic mapping {unknown}
 z - a scroll of holy word {unknown}
Potions
 f - a potion of heal wounds
 g - a potion of haste
 h - 6 potions of magic
 o - a potion of degeneration {unknown}
 s - 3 potions of flight
 w - 3 potions of resistance {unknown}
 A - a potion of curing


   Skills:
 + Level 12.3 Fighting
 + Level 12.8 Long Blades
 + Level 4.4 Maces & Flails
 + Level 13.0 Armour
 + Level 5.2 Dodging
 + Level 0.3 Stealth
 + Level 12.3 Shields


You had 8 spell levels left.
You didn't know any spells.
Your spell library contained the following spells:

 Spells                   Type           Power      Damage    Failure   Level
 Conjure Flame            Conj/Fire      0%         6-21      96%         3
 Ignite Poison            Fire/Tmut/Pois 0%         N/A       96%         3
 Petrify                  Tmut/Erth      0%         N/A       100%        4
 Sticky Flame             Conj/Fire      0%         2d3       100%        4
 Metabolic Englaciation   Hex/Ice        0%         N/A       100%        5
 Statue Form              Tmut/Erth      0%         N/A       100%        6


Dungeon Overview and Level Annotations

Branches:
Dungeon (1/1)

Altars:
Cheibriados
Dithmenos
Elyvilon
Fedhas
Gozag
Hepliaklqana
Kikubaaqudgha
Makhleb
Nemelex Xobeh
Okawaru
Qazlal
Ru
Sif Muna
Trog
Uskayaw
Vehumet
Wu Jian
Xom
Yredelemnul
Zin
The Shining One
Beogh
Jiyva
Lugonu

Shops:
D ?[:!(!:==([[(:[

Annotations:
D exclusion: oklob plant, Kirke, Roxanne


Innate Abilities, Weirdness & Mutations

You have a pair of horns on your head.
You reflexively headbutt those who attack you in melee.
Your magical capacity is low. (-10% MP)
Your muscles are strong. (Str +2)


Message History

The yaktaur captain completely misses you.
You feel very mighty all of a sudden. You block the yaktaur captain's attack.
The centaur warrior shouts!
You bludgeon the yaktaur captain!! You headbutt the yaktaur captain!!
The yaktaur captain is severely wounded.
The yaktaur captain barely misses you.
You hit the yaktaur captain. You drain the yaktaur captain.
You headbutt the yaktaur captain!
The yaktaur captain is almost dead.
Kirke hits you but does no damage.
A centaur warrior opens the gate.
You block the yaktaur captain's attack.
A shining eye comes into view.
You completely miss Kirke.
The shining eye turns its gaze towards you.
Your headbutt misses Kirke. Kirke misses you. The yaktaur captain hits you!
Kirke hits you!
* * * LOW HITPOINT WARNING * * *
You bludgeon Kirke!! You drain Kirke. Your headbutt misses Kirke.
Kirke is moderately wounded.
The yaktaur captain hits you!
* * * LOW HITPOINT WARNING * * *
The kobold demonologist gestures wildly while chanting.
An elephant comes into view.
Kirke hits you but does no damage.
The yaktaur captain hits you but does no damage.
You barely miss Kirke.
Kirke is moderately wounded.
Kirke hits you.
* * * LOW HITPOINT WARNING * * *
You block the yaktaur captain's attack.
Unknown command.
You bludgeon the yaktaur captain!!
You kill the yaktaur captain!
Okawaru is honoured by your kill.
You can now gain great but temporary skills.
The centaur warrior wields a +0 longbow.
The centaur warrior shoots an arrow.
The arrow barely misses you. Kirke misses you.
The centaur warrior shoots an arrow.
The arrow hits you!
You die...

####+#### ##§§≈≈≈§§##
###§§§§§§§§§## ▓▓ '≈§§§§8§§§..#
+. c #Y§§§§≈≈§≈ #. Kc.≈##G§§G§§
#. ##########≈≈#55c#+++## #
#########≈≈≈.5K@§....# #
........#≈≈≈≈.##@##..# #
....⌠...#≈≈≈≈##.#.##.#### +.##.#
...∩.∩..#≈≈≈≈#..#..# ...# .^.##
..∩.∩.∩.#≈≈####...####..## #.^#
.∩.∩...∩#≈##.###'###.##..# +..#
∩.∩...∩.#≈##..##.##...#..# #..#
.∩.....∩'≈'##.'.<.'##.'..####..##
∩.......#≈#.#.##.##.###....###...
▓▓▓▓▓▓###≈##.###'###.##......≈≈)≈


You could see Roxanne, Kirke (drained), an elephant, 2 shining eyes, a centaur
warrior, a kobold demonologist, an iron imp (summoned), a quasit (summoned) and
a white imp (summoned).

Vanquished Creatures
  A yaktaur captain (D)
  A merfolk siren (D)
  A yaktaur (D)
  A hornet (D)
  3 polar bears (D)
  4 neqoxecs (D)
  Menkaure (D)
  3 water moccasins (D)
  4 necrophages (D)
  A hell rat (D)
  3 worms (D)
  2 tentacles (D)
25 creatures vanquished.

Vanquished Creatures (others)
  A water moccasin (D)
  34 tentacles (D)
35 creatures vanquished.

Grand Total: 60 creatures vanquished

Notes
Turn   | Place    | Note
-------+----------+-------------------------------------------
     0 | D        | boopmooplesden the Minotaur Fighter began the quest for the
                  | Orb.
     0 | D        | Reached XP level 1. HP: 19/19 MP: 0/0
    10 | D        | Reached skill level 4 in Armour
    20 | D        | Reached XP level 2. HP: 13/28 MP: 1/1
   182 | D        | Noticed a necrophage
   182 | D        | Noticed a necrophage
   182 | D        | Noticed a necrophage
   182 | D        | Noticed a necrophage
   185 | D        | Killed a necrophage
   186 | D        | Reached skill level 7 in Armour
   186 | D        | Reached XP level 3. HP: 37/38 MP: 2/2
   186 | D        | Reached XP level 4. HP: 44/45 MP: 3/3
   192 | D        | Killed a necrophage
   193 | D        | Reached skill level 5 in Long Blades
   193 | D        | Reached skill level 8 in Armour
   193 | D        | Reached XP level 5. HP: 51/53 MP: 4/4
   203 | D        | Killed a necrophage
   204 | D        | Reached skill level 9 in Armour
   204 | D        | Reached XP level 6. HP: 55/62 MP: 5/5
   207 | D        | Reached skill level 1 in Dodging
   238 | D        | Noticed a merfolk siren
   245 | D        | Killed a merfolk siren
   246 | D        | Reached skill level 10 in Fighting
   246 | D        | Reached skill level 11 in Armour
   246 | D        | Reached skill level 10 in Shields
   246 | D        | Reached XP level 7. HP: 72/72 MP: 6/6
   269 | D        | Noticed a neqoxec
   269 | D        | Noticed a neqoxec
   269 | D        | Noticed a neqoxec
   269 | D        | Noticed a neqoxec
   270 | D        | Gained mutation: Your magical capacity is low. (-10% MP) [a
                  | neqoxec]
   275 | D        | Killed a neqoxec
   279 | D        | Gained mutation: Your muscles are strong. (Str +2) [a
                  | neqoxec]
   284 | D        | Killed a neqoxec
   291 | D        | Killed a neqoxec
   292 | D        | Reached XP level 8. HP: 43/81 MP: 6/6
   296 | D        | Reached skill level 10 in Long Blades
   296 | D        | Reached skill level 12 in Armour
   505 | D        | Found Weuhaky's Antique Weapon Shoppe.
   505 | D        | Found Papiuwurch's Book Shoppe.
   505 | D        | Found Mifollez's Antique Armour Emporium.
   505 | D        | Found Ugocsul's Antique Weapon Shoppe.
   505 | D        | Found Raladall's Armour Shoppe.
   506 | D        | Found Futajili's Jewellery Shoppe.
   506 | D        | Found Daruky's Jewellery Emporium.
   507 | D        | Found Leobeje's Book Shoppe.
   507 | D        | Found Haixuphy's Armour Emporium.
   507 | D        | Found Cuepehouno's Distillery.
   507 | D        | Noticed Menkaure
   508 | D        | Noticed a hell hog
   524 | D        | Killed Menkaure
   713 | D        | Found Iloreq's Antique Weapon Shoppe.
   713 | D        | Found Ewuepeog's Distillery.
   713 | D        | Noticed an oklob plant
   714 | D        | Found Hetafrut's Antique Armour Shoppe.
   714 | D        | Found Osuinemm's Magic Scroll Emporium.
   714 | D        | Found Ophiver's Book Shoppe.
   715 | D        | Noticed a hell hog
   730 | D        | Bought a fine scale mail for 270 gold pieces
   730 | D        | Identified the +1 scale mail of Compression {rElec rF-
                  | Str+7} (You bought it in a shop in the Dungeon)
   753 | D        | Bought a slimy mace for 216 gold pieces
   753 | D        | Identified the +6 mace "Fean" {drain, Int+4} (You bought it
                  | in a shop in the Dungeon)
   754 | D        | Bought a pair of glowing boots for 202 gold pieces
   754 | D        | Bought an embroidered scarf for 216 gold pieces
   794 | D        | Found a hazy altar of Hepliaklqana.
   794 | D        | Found a snail-covered altar of Cheibriados.
   795 | D        | Found a stormy altar of Qazlal.
   795 | D        | Found a viscous altar of Jiyva.
   795 | D        | Found a shadowy altar of Dithmenos.
   796 | D        | Found a sacrificial altar of Ru.
   796 | D        | Found an ancient bone altar of Kikubaaqudgha.
   796 | D        | Found a white marble altar of Elyvilon.
   797 | D        | Found an ornate altar of the Wu Jian Council.
   797 | D        | Found a shimmering blue altar of Sif Muna.
   797 | D        | Found a corrupted altar of Lugonu.
   797 | D        | Found a blossoming altar of Fedhas.
   798 | D        | Found a shimmering altar of Xom.
   798 | D        | Found a bloodstained altar of Trog.
   798 | D        | Found a burning altar of Makhleb.
   799 | D        | Found a glowing golden altar of the Shining One.
   799 | D        | Found a basalt altar of Yredelemnul.
   799 | D        | Found a hide-covered altar of Uskayaw.
   800 | D        | Found a glowing silver altar of Zin.
   800 | D        | Found a radiant altar of Vehumet.
   800 | D        | Noticed a polar bear
   800 | D        | Noticed a polar bear
   800 | D        | Noticed a polar bear
   802 | D        | Found a sparkling altar of Nemelex Xobeh.
   803 | D        | Found an opulent altar of Gozag.
   803 | D        | Found an iron altar of Okawaru.
   803 | D        | Noticed a yaktaur
   807 | D        | Noticed a hornet
   810 | D        | Killed a polar bear
   812 | D        | Killed a polar bear
   813 | D        | Reached skill level 1 in Maces & Flails
   814 | D        | Killed a hornet
   817 | D        | Killed a polar bear
   817 | D        | HP: 5/124 [yaktaur/bolt (33)]
   818 | D        | Reached XP level 9. HP: 5/90 MP: 7/7
   819 | D        | Killed a yaktaur
   856 | D        | Became a worshipper of Warmaster Okawaru
  1130 | D        | Noticed a kraken
  1139 | D        | Reached skill level 5 in Dodging
  1140 | D        | Reached skill level 13 in Armour
  2144 | D        | Noticed an obsidian statue
  2318 | D        | Noticed Roxanne
  2323 | D        | Noticed Kirke
  2323 | D        | Noticed a kobold demonologist
  2323 | D        | Noticed a yaktaur captain
  2323 | D        | Noticed a centaur warrior
  2336 | D        | Noticed a shining eye
  2337 | D        | Noticed a shining eye
  2338 | D        | Noticed an elephant
  2340 | D        | Killed a yaktaur captain
  2340 | D        | Reached * piety under Okawaru
  2340 | D        | Shot with an arrow by a centaur warrior

Illustrated notes

Levels and vault maps discovered:
D:        the_violet_keep_of_menkaure [sprint2_stairs_cluster_1,
          sprint2_shoproom, sprint2_temple, sprint2_basic_supplies,
          sprint2_obstacle_5, sprint2_obstacle_3, sprint2_obstacle_6,
          sprint2_obstacle_2, sprint2_obstacle_7, sprint2_timed_cluster_1,
          sprint2_smallroom_cluster_1, sprint2_smallroom_final_cluster_1,
          sprint2_transparent_cluster_1, sprint2_second_timed_cluster_1,
          sprint2_sniper_area_1, sprint2_heavy_combat_area_1,
          sprint2_mutation_trap_area_1, sprint2_forest_area_1,
          sprint2_light_combat_area_1, sprint2_behind_water_1,
          sprint2_near_end_vault_1]

Skill      XL: |  1  2  3  4  5  6  7  8  9 |
---------------+----------------------------+-----
Fighting       | 4 6 7 8 10 11 12 | 12.3
Armour         | 4 7 8 9 11 12 13 | 13.0
Shields        | 4 6 7 8 10 11 12 | 12.3
Long Blades    | 3 4 5 6 8 9 12 | 12.8
Dodging        | 2 4 5 |  5.2
Maces & Flails | 2 4 |  4.4
Stealth        | |  0.3

Action                   |  1- 3 |  4- 6 |  7- 9 || total
-------------------------+-------+-------+-------++-------
Melee: Long sword        |    17 |    27 |    35 ||    79
       Headbutt          |     5 |     7 |    17 ||    29
       Mace              |       |       |    54 ||    54
  Use: Potion            |     1 |       |     4 ||     5
Armor: Scale mail        |     1 |     8 |    31 ||    40
Dodge: Dodged            |     1 |     5 |    33 ||    39
Block: Kite shield       |     6 |     8 |    66 ||    80
       Rpst.: Long sword |       |     1 |       ||     1
